 Dungeon Crawl Stone Soup version 0.31-a0-460-g9e667d4245 (webtiles) character file.

Game seed: 11683477121981000518

4 RepHenryClay the Sneak (level 1, 0/17 HPs)
             Began as a Vampire Delver on Aug 5, 2023.
             Succumbed to an adder's poison
             ... on level 4 of the Dungeon.
             The game lasted 00:00:10 (106 turns).

RepHenryClay the Sneak (Vampire Delver)              Turns: 106, Time: 00:00:10

Health: 0/17       AC:  3    Str: 11    XL:     1   Next: 50%
Magic:  1/1        EV: 12    Int: 12    God:
Gold:   25         SH:  0    Dex: 15    Spells: 0/0 levels left

rFire   . . .        a - +0 falchion
rCold   . . .        (no shield)
rNeg    . . .        b - +0 leather armour
rPois   .            (no helmet)
rElec   .            (no cloak)
rCorr   .            (no gloves)
SInv    +            (no boots)
Will    .....        (no amulet)
Stlth   +++          (no ring)
HPRegen 0.42/turn    (no ring)
MPRegen 0.07/turn

%: no passive effects
@: lethally poisoned (0 -> -6), healing quickly
A: alive, fangs 3, see invisible, vampiric 1
a: Exsanguinate


You were on level 4 of the Dungeon.
You visited 1 branch of the dungeon, and saw 2 of its levels.

You collected 25 gold pieces.

Inventory:

Hand Weapons
 a - a +0 falchion (weapon)
Armour
 b - a +0 leather armour (worn)
Wands
 g - a wand of digging (3)
Scrolls
 c - a scroll of fog
 d - a scroll of revelation
 e - a scroll of fear
 h - a scroll of enchant armour {unknown}
Potions
 f - a potion of haste


   Skills:
 + Level 2.7 Fighting
 + Level 2.1 Long Blades
 + Level 2.3 Dodging
 + Level 7.3 Stealth


You couldn't memorise any spells.
You didn't know any spells.
Your spell library was empty.

Dungeon Overview and Level Annotations

Branches:
Dungeon (5/15)
 Temple: D:4-7

Altars:


Innate Abilities, Weirdness & Mutations

Your natural rate of healing is accelerated.
You have razor-sharp teeth.
You have supernaturally acute eyesight. (SInv)
You are afflicted with vampirism.


Message History

The endoplasm barely misses you.
You hit the endoplasm.
You kill the endoplasm!
The helpless endoplasm fails to defend itself.
You slash the endoplasm!
You kill the endoplasm!
The goblin shouts!
You hear a shout!
You hear an angry hiss.
The goblin hits you but does no damage.
You slash the goblin!
You kill the goblin!
An adder comes into view.
Found a stone staircase leading up.
An orc comes into view. It is wielding a +0 club.
The adder barely misses you.
You barely miss the adder. The adder bites you.
Damage: -11%(-2hp) hp: 89%(15hp)
The adder bites you.
Damage: -18%(-3hp) hp: 71%(12hp)
You hit the adder.
The adder is severely wounded.
The adder barely misses you. The adder bites you.
You are poisoned.
The adder poisons you! The orc hits you with a +0 club.
Huge Dmg: -18%(-3hp) hp: 53%(9hp)
You barely miss the adder.
The adder is severely wounded.
You feel sick. The adder barely misses you. The orc closely misses you.
Huge Dmg: -11%(-2hp) hp: 42%(7hp)
You hit the adder.
The adder is severely wounded.
You feel sick. The adder bites you.
* * * LOW HITPOINT WARNING * * *
The orc hits you but does no damage. The adder bites you.
* * * LOW HITPOINT WARNING * * *
You are more poisoned.
The adder poisons you!
Huge Dmg: -24%(-4hp) hp: 18%(3hp)
You hit the adder.
You kill the adder!
You die...

............#
............#
........>...#
..##...$....##
#.........#
######...##
.##...##.).##..
................
.##....@o..##...
#........# ..
............# .
............#
............+
###......<..#
#........##
+........#


You could see an orc.

Vanquished Creatures
  An adder (D:4)
  2 endoplasms (D:4)
  A goblin (D:4)
4 creatures vanquished.

Notes
Turn   | Place    | Note
-------+----------+-------------------------------------------
     0 | D:5      | RepHenryClay the Vampire Delver began the quest for the
                  | Orb.
     0 | D:5      | Reached XP level 1. HP: 17/17 MP: 1/1
    62 | D:5      | Identified the +3 ring mail "Okykuosa" {Contam rElec
                  | Regen+}
   106 | D:4      | Succumbed to an adder's poison

Illustrated notes

Levels and vault maps discovered:
D:4:      layout_gridville, minmay_temple_entry_trees, uniq_menkaure,
          uniq_natasha, uniq_duvessa
D:5:      layout_loops_ring, serial_rivers, chequers_serial_rivers_room_a,
          chequers_serial_rivers_large_b, chequers_serial_rivers_room_b,
          chequers_serial_rivers_marsh, chequers_serial_rivers_large_a,
          chequers_serial_rivers_micro_e

Action                     || total
---------------------------++-------
  Melee: Falchion          ||     9
   Stab: Sleeping          ||     1
 Armour: Leather armour    ||     3
  Dodge: Dodged            ||     5

Table legend: (Time is in decaauts)
 A = Elapsed time spent in this place.
 B = Non-inter-level travel time spent in this place.
 C = Inter-level travel time spent in this place.
 D = Time resting spent in this place.
 E = Time spent auto-exploring this place.
 F = Levels seen in this place.
 G = Mean time per level.
                   A        B        C        D        E       F      G
               +--------+--------+--------+--------+--------+-----+--------+
         Total |    107 |     87 |     20 |      0 |     59 |   2 |   53.5 |
       Dungeon |    107 |     87 |     20 |      0 |     59 |   2 |   53.5 |
               +--------+--------+--------+--------+--------+-----+--------+

Top non-repeatable levels by time:
     D:5: 84 daAuts
     D:4: 23 daAuts
